 Dungeon Crawl Stone Soup version 0.25-a0-547-g27a0b5d1ef (webtiles) character file.

Game seed: 7544844271829079403, levelgen mode: classic

483 EnegeticOcto the Ruffian (level 6, -3/63 HPs)
             Began as a Troll Gladiator on Feb 22, 2020.
             Was a Follower of Elyvilon.
             Slain by an orc warrior
             ... wielding a +0 mace
              (13 damage)
             ... on level 3 of the Dungeon.
             The game lasted 00:03:55 (3090 turns).

EnegeticOcto the Ruffian (Troll Gladiator)          Turns: 3090, Time: 00:03:55

Health: -3/63      AC:  6    Str: 23    XL:     6   Next: 87%
Magic:  4/6        EV: 10    Int:  4    God:    Elyvilon [*.....]
Gold:   141        SH:  0    Dex: 13    Spells: 5/5 levels left

rFire    . . .     SeeInvis .     - Unarmed
rCold    + . .     Gourm    +   (no shield)
rNeg     . . .     Faith    .   a - +0 robe
rPois    .         Spirit   .   b - +0 hat
rElec    .         Reflect  .   (no cloak)
rCorr    .         Harm     .   (gloves unavailable)
MR       .....                  (boots unavailable)
Stlth    ++........             (no amulet)
HPRegen  0.60/turn              n - ring of stealth
MPRegen  0.10/turn              s - ring of protection from cold

@: no status effects
A: large, unfitting armour, claws 3, fast metabolism 3, gourmand, regeneration
1, shaggy fur 1, tough skin 3
a: Lesser Healing, Divine Protection, Renounce Religion


You were on level 3 of the Dungeon.
You worshipped Elyvilon.
Elyvilon was aware of your devotion.
You were full.

You visited 1 branch of the dungeon, and saw 4 of its levels.

You collected 141 gold pieces.

Inventory:

Missiles
 c - 3 throwing nets (quivered) {!f}
 f - 13 poisoned darts
 g - 68 stones
Armour
 a - a +0 robe (worn)
 b - a +0 hat (worn)
Jewellery
 n - a ring of stealth (left claw)
 s - a ring of protection from cold (right claw)
Wands
 j - a wand of acid (4)
 l - a wand of polymorph (1)
Scrolls
 d - a scroll of identify {unknown}
 k - a scroll of enchant weapon
 m - 2 scrolls of remove curse {@r2}
 p - a scroll of amnesia {unknown}
 t - a scroll of fog {unknown}
Potions
 h - 2 potions of degeneration {unknown}
 i - 3 potions of heal wounds {unknown}
 o - 2 potions of magic {unknown}
 q - a potion of lignification {unknown}
 r - a potion of haste {unknown}
Comestibles
 e - 8 rations


   Skills:
 + Level 4.3 Fighting
 - Level 1.7 Throwing
 - Level 2.4 Dodging
 + Level 5.7 Unarmed Combat
 + Level 1.4 Invocations


You had 5 spell levels left.
You didn't know any spells.
Your spell library was empty.

Dungeon Overview and Level Annotations

Branches:
Dungeon (4/15)
 Temple: D:4-7

Altars:
Cheibriados
Elyvilon
Gozag
Kikubaaqudgha


Innate Abilities, Weirdness & Mutations

You are too large for most types of armour.
You have claws for hands.
Your metabolism is lightning-fast.
You like to eat raw meat.
Your natural rate of healing is unusually fast.
You are covered in fur. (AC +1)
You have extremely tough skin. (AC +3)


Message History

Done exploring.
Done exploring.
(D) Dungeon
Where to? (Enter - D:3 @ (x,y), ? - help)
There is a stone staircase leading down here.
You climb downwards.
The orc hits you with a +0 short sword.
The orc warrior hits you with a +0 mace!
The orc barely misses you.
There is a stone staircase leading up here.
The orc warrior hits you with a +0 mace.
The orc barely misses you.
You climb upwards.
There is a stone staircase leading down here.
You barely miss the orc.
The orc warrior hits you but does no damage.
The orc hits you with a +0 short sword.
You mangle the orc!!
You kill the orc!
The orc warrior misses you.
Things that are here:
a +0 short sword; an orc corpse You barely miss the orc warrior.
The orc warrior hits you with a +0 mace!!
You are too injured to fight recklessly!
You are too injured to fight recklessly!
You are too injured to fight recklessly!
You are too injured to fight recklessly!
You are too injured to fight recklessly!
You are too injured to fight recklessly!
Things that are here:
a +0 short sword; an orc corpse
Things that are here:
a +0 short sword; an orc corpse You scratch the orc warrior but do no damage.
The orc warrior hits you with a +0 mace.
You scratch the orc warrior but do no damage.
The orc warrior barely misses you.
You claw the orc warrior!
The orc warrior is severely wounded.
The orc warrior closely misses you.
You scratch the orc warrior.
The orc warrior is severely wounded.
You scratch the orc warrior.
The orc warrior is severely wounded.
The orc warrior hits you but does no damage.
You barely miss the orc warrior.
The orc warrior is severely wounded.
The orc warrior hits you with a +0 mace!
You barely miss the orc warrior.
The orc warrior is severely wounded.
The orc warrior completely misses you.
You scratch the orc warrior.
The orc warrior is almost dead.
You closely miss the orc warrior.
The orc warrior is almost dead.
The orc warrior hits you with a +0 mace!
You completely miss the orc warrior.
The orc warrior is almost dead.
The orc warrior hits you with a +0 mace!
You are too injured to fight recklessly!
You are too injured to fight recklessly!
You are too injured to fight recklessly!
You are too injured to fight recklessly!
You are too injured to fight recklessly!
You are too injured to fight recklessly!
You are too injured to fight recklessly!
You are too injured to fight recklessly!
You barely miss the orc warrior.
The orc warrior is almost dead.
The orc warrior hits you with a +0 mace!!
* * * LOW HITPOINT WARNING * * *
You barely miss the orc warrior.
The orc warrior is almost dead.
Things that are here:
a +0 short sword; an orc corpse The orc warrior hits you but does no damage.
You are healed.
You feel somewhat less full.
You are healed.
You feel somewhat less full.
The orc warrior hits you with a +0 mace!
You are too injured to fight recklessly!
You are too injured to fight recklessly!
You are too injured to fight recklessly!
You are too injured to fight recklessly!
You are too injured to fight recklessly!
You are too injured to fight recklessly!
You barely miss the orc warrior.
The orc warrior is almost dead.
The orc warrior hits you with a +0 mace!
* * * LOW HITPOINT WARNING * * *
You closely miss the orc warrior.
The orc warrior is almost dead.
The orc warrior hits you with a +0 mace!
* * * LOW HITPOINT WARNING * * *
There is a stone staircase leading down here.
You fail to use your ability.
The orc warrior barely misses you.
Okay, then.
You are healed.
You feel somewhat less full.
The orc warrior hits you with a +0 mace!
You die...

#############
#........o..#
#######
#@#########.###
...)..#
#>o...........#
..>...#
###########.#.#
####..# #.#.# #..#
##############.#.#
####..#
#...........##.#.#
......#####
#..............#.#
..##......#
#.......)...####.#
..##......#
###.######### #.#


You could see an orc warrior.

Vanquished Creatures
  Sigmund (D:2)
  Blork the orc (D:3)
  A howler monkey (D:4)
  A hound (D:3)
  An orc priest (D:3)
  Ijyb (D:3)
  An iguana (D:4)
  A howler monkey skeleton (D:4)
  An adder (D:2)
  A worm (D:2)
  2 dart slugs (D:3)
  3 leopard geckos
  11 orcs
  A ball python (D:2)
  7 bats
  4 giant cockroaches
  7 goblins
  5 hobgoblins
  7 jackals (D:3)
  3 frilled lizards
  6 kobolds
  8 rats
74 creatures vanquished.

Notes
Turn   | Place    | Note
-------+----------+-------------------------------------------
     0 | D:1      | EnegeticOcto the Troll Gladiator began the quest for the
                  | Orb.
     0 | D:1      | Reached XP level 1. HP: 19/19 MP: 0/0
   166 | D:1      | Reached XP level 2. HP: 21/28 MP: 1/1
   584 | D:2      | Reached XP level 3. HP: 36/36 MP: 2/2
   607 | D:2      | Noticed Sigmund
   614 | D:2      | Killed Sigmund
   614 | D:2      | Reached skill level 4 in Unarmed Combat
   614 | D:2      | Reached XP level 4. HP: 44/45 MP: 3/3
   614 | D:2      | Reached XP level 5. HP: 52/53 MP: 4/4
   899 | D:2      | Found an ancient bone altar of Kikubaaqudgha.
  1245 | D:3      | Reached skill level 5 in Unarmed Combat
  1383 | D:3      | Found a white marble altar of Elyvilon.
  1414 | D:3      | Became a worshipper of Elyvilon the Healer
  1618 | D:3      | Reached XP level 6. HP: 62/62 MP: 5/5
  1855 | D:3      | Reached * piety under Elyvilon
  2240 | D:3      | Found a snail-covered altar of Cheibriados.
  2240 | D:3      | Found an opulent altar of Gozag.
  2577 | D:4      | Noticed Blork the orc
  2671 | D:4      | Noticed an orc warrior
  2677 | D:3      | Killed Blork the orc
  2677 | D:3      | Reached skill level 1 in Invocations
  2910 | D:4      | Noticed Ijyb
  2958 | D:3      | Killed Ijyb
  3084 | D:3      | HP: 1/63 [orc warrior/+0 mace (16)]
  3090 | D:3      | Slain by an orc warrior

Levels and vault maps discovered:
D:1:      lightli_arrival_windingriver, layout_rooms
D:2:      layout_loops_ring, lemuel_round_altar, first_ration, uniq_sigmund
D:3:      layout_basic, lemuel_crystal_altar, gammafunk_temple_overflow_wave,
          serial_corexii_hall, chequers_hall_statues_y, chequers_hall_statues_y
D:4:      layout_cave_pools, vehumet_altar_wand_db, yredelemnul_altar_generic,
          uniq_eustachio, uniq_menkaure, uniq_blork_the_orc, uniq_ijyb,
          uniq_crazy_yiuf_cottage

Skill      XL: |  1  2  3  4  5  6 |
---------------+-------------------+-----
Fighting       | 2 3 4 |  4.3
Unarmed Combat | 4 5 |  5.7
Invocations    | 1 |  1.4
Throwing       | |  1.7
Dodging        | |  2.4

Action                   |  1- 3 |  4- 6 || total
-------------------------+-------+-------++-------
Melee: Unarmed           |    53 |   149 ||   202
       Punch             |       |     3 ||     3
Invok: Lesser Healing    |       |     3 ||     3
Evoke: Wand              |     1 |     1 ||     2
  Use: Scroll            |       |     2 ||     2
 Stab: Sleeping          |     2 |     6 ||     8
  Eat: Chunk             |    11 |    19 ||    30
Armor: Robe              |    33 |    55 ||    88
Dodge: Dodged            |    27 |    84 ||   111

Table legend:
 A = Non-vault XP
 B = Vault XP
 C = Vault XP percentage of total XP
 D = Non-vault monster count
 E = Vault monster count
 F = Vault count percentage of total count
                 A         B        C        D         E       F
            +---------+---------+-------+---------+---------+-------
      Total |     333 |     357 |  51.7 |      71 |       3 |   4.1
            +---------+---------+-------+---------+---------+-------
        D:1 |      27 |       0 |   0.0 |      18 |       0 |   0.0
        D:2 |      41 |     227 |  84.7 |      15 |       1 |   6.2
        D:3 |     157 |     130 |  45.3 |      34 |       2 |   5.6
        D:4 |     108 |       0 |   0.0 |       4 |       0 |   0.0
            +---------+---------+-------+---------+---------+-------
